 Dungeon Crawl Stone Soup version 0.29-a0-270-g1586fc07ea (webtiles) character file.

Game seed: 2261237848101883354

37 Orangeyouglad the Insei (level 3, 0/28 HPs)
             Began as a Djinni Transmuter on Mar 7, 2022.
             Slain by an adder (1 damage)
             ... on level 1 of the Dungeon.
             The game lasted 00:03:02 (1754 turns).

Orangeyouglad the Insei (Djinni Transmuter)         Turns: 1754, Time: 00:03:02

Health: 0/28       AC:  2    Str: 11    XL:     3   Next: 62%
Gold:   0          EV: 12    Int: 14    God:
                   SH:  0    Dex: 13

rFire   + + .      SeeInvis .     - Unarmed
rCold   x . .      Faith    .   (no shield)
rNeg    . . .      Spirit   .   a - +0 robe
rPois   ∞          Reflect  .   (helmet currently unavailable)
rElec   .          Harm     .   (no cloak)
rCorr   .          Rampage  .   (no gloves)
Will    .....                   (boots unavailable)
Stlth   +.........              (no amulet)
HPRegen 0.09/turn               (no ring)
MPRegen 0.00/turn               (no ring)

@: appendages, flying, hasted, very quick
A: horns 2, flying, sickness immunity, fire resistance 2, cold vulnerability 1,
float, innate caster, HP casting, extra vitality 1
a: End Transformation


You were on level 1 of the Dungeon.
You had temporarily grown beastly horns.
You visited 1 branch of the dungeon, and saw 2 of its levels.

Inventory:

Armour
 a - a +0 robe (worn)
Scrolls
 c - a scroll of summoning {unknown}
Potions
 b - a potion of lignification


   Skills:
 + Level 1.6 Fighting
 + Level 2.7 Dodging
 + Level 3.3 Unarmed Combat
 + Level 2.0 Spellcasting


You couldn't memorise any spells.
You knew the following spells:

 Your Spells              Type           Power      Damage    Failure   Level
a - Beastly Appendage     Tmut           14%        N/A       11%         1
b - Wereblood             Tmut           7%         N/A       16%         2
c - Spider Form           Tmut/Pois      7%         N/A       30%         3
d - Ice Form              Ice/Tmut       7%         N/A       71%         4
e - Sting                 Tmut/Pois      28%        1d4       11%         1
Your spell library was empty.

Dungeon Overview and Level Annotations

Branches:
Dungeon (2/15)

Altars:


Innate Abilities, Weirdness & Mutations

You have temporarily grown beastly horns.
You are flying.
You are immune to sickness and miasma.
You are immune to poison.
Your flesh is very heat resistant. (rF++)
You are vulnerable to cold. (rC-)
You float through the air rather than walking.
You learn spells naturally, not from books.
Your magical power is your life essence.
You have superior vitality. (+4 MHP)


Message History

Press: ? - help, Shift-Dir - straight line, f - adder, p - quokka
Aim: an adder (48% to hit)
The sting misses the adder.
You kill the quokka!
The adder bites you.
Casting: Sting (safe; 11% risk of failure)
Confirm with . or Enter, or press ? or * to list all spells.
Aiming: Sting (safe; 11% risk of failure)
Press: ? - help, Shift-Dir - straight line, f/p - adder
Aim: an adder (48% to hit)
The sting misses the adder.
The adder bites you.
The kobold throws a stone.
The stone misses you.
Casting: Sting (safe; 11% risk of failure)
Confirm with . or Enter, or press ? or * to list all spells.
Aiming: Sting (safe; 11% risk of failure)
Press: ? - help, Shift-Dir - straight line, f/p - adder
Aim: an adder (48% to hit)
You miscast Sting.
You are very lightly contaminated with residual magic.
Nothing appears to happen.
The adder misses you.
The kobold throws a stone.
The stone hits you. The adder bites you. The adder bites you.
You fly upwards.
There is a stone staircase leading down here.
Casting: Beastly Appendage (safe; 11% risk of failure)
Press: ? - help, Q - select action, (/) - cycle Dir - look around, f - activate You grow a pair of large bovine horns.
The adder closely misses you.
You miss the adder. The adder bites you.
* * * LOW HITPOINT WARNING * * *
You closely miss the adder. Your headbutt misses the adder.
The adder bites you.
* * * LOW HITPOINT WARNING * * *
The adder bites you.
* * * LOW HITPOINT WARNING * * *
It was a potion of magic.
Magic washes over you without effect. The adder misses you.
Your magical contamination has completely faded away.
It was a potion of haste.
You feel yourself speed up. The adder bites you.
You die...

##########.##############.#.....#
...# #..................#.....#
...#####.#######.###......#.....#
.................##....#..#.....#
...#####.#..###..##....#..#.....#
......##.#..###..##....#..#.....#
#####.##.#.......##....#..#.....#
#.##.##.###..##....#..#.....#
#.##........@S.....#........#
#####.#####.####.##....#.##.....#
..........#.#..........#.#####...
#####.###.#.##.#.#.....#.# ####
#.###.#.##.#.#.##..#.### #.
#.....#.##.#.#.........## #.
#######.##.....####..#..# #.
#.####..##..##.##.# #.
#.......#...)#..#.# #.


You could see an adder.

Vanquished Creatures
  3 ball pythons (D:1)
  4 endoplasms (D:1)
  3 goblins (D:1)
  4 hobgoblins (D:1)
  4 jackals (D:1)
  4 quokkas
  3 bats (D:1)
  2 frilled lizards (D:1)
  3 kobolds (D:1)
  2 rats (D:1)
32 creatures vanquished.

Notes
Turn   | Place    | Note
-------+----------+-------------------------------------------
     0 | D:1      | Orangeyouglad the Djinni Transmuter began the quest for the
                  | Orb.
     0 | D:1      | Reached XP level 1. HP: 17/17 MP: 0/0
   219 | D:1      | Reached XP level 2. HP: 19/22 MP: 0/0
   722 | D:1      | Reached XP level 3. HP: 24/27 MP: 0/0
   722 | D:1      | Learned a level 1 spell: Sting
  1417 | D:1      | Found a faded altar of an unknown god.
  1752 | D:1      | HP: 1/28 [adder (5)]
  1754 | D:1      | Slain by an adder

Illustrated notes

Levels and vault maps discovered:
D:1:      giann_forest_graveyard, layout_basic,
          shapermc_ecumenical_altar_mp_vishouse, minmay_close_crescents
D:2:      minmay_razor_zed, layout_rooms

Skill      XL: |  1  2  3 |
---------------+----------+-----
Spellcasting   | 2 |  2.0
Fighting       | |  1.6
Dodging        | |  2.7
Unarmed Combat | |  3.3

Action                   || total
-------------------------++-------
Melee: Unarmed           ||    94
       Headbutt          ||    15
       Punch             ||     1
 Cast: Beastly Appendage ||    18
       Wereblood         ||     2
       Sting             ||     4
  Use: Potion            ||     2
 Stab: Sleeping          ||     2
Armor: Robe              ||    16
Dodge: Dodged            ||    63

Table legend: (Time is in decaauts)
 A = Elapsed time spent in this place.
 B = Non-inter-level travel time spent in this place.
 C = Inter-level travel time spent in this place.
 D = Time resting spent in this place.
 E = Time spent auto-exploring this place.
 F = Levels seen in this place.
 G = Mean time per level.
                   A        B        C        D        E       F      G
               +--------+--------+--------+--------+--------+-----+--------+
         Total |   1750 |   1686 |     64 |    450 |    981 |   2 |  875.0 |
       Dungeon |   1750 |   1686 |     64 |    450 |    981 |   2 |  875.0 |
               +--------+--------+--------+--------+--------+-----+--------+

Top non-repeatable levels by time:
     D:1: 1737 daAuts
     D:2: 12 daAuts
